 Dungeon Crawl Stone Soup version 0.25.1-2-g60ff931df9 (webtiles) character file.

Game seed: 6430486785739352025

92281 DearestLeader the Bludgeoner (level 15, 0/110 HPs)
             Began as a Demonspawn Gladiator on Oct 12, 2020.
             Was a High Priest of Qazlal.
             Killed from afar by a raiju (5 damage)
             ... with a living lightning
             ... on level 3 of the Abyss.
             The game lasted 01:11:29 (30804 turns).

DearestLeader the Bludgeoner (DsGl)                Turns: 30804, Time: 01:11:29

Health: 0/110      AC: 27    Str: 19    XL:     15   Next: 57%
Magic:  0/24       EV: 13    Int: 11    God:    Qazlal [*****.]
Gold:   2065       SH:  7    Dex: 15    Spells: 14/14 levels left

rFire    + . .     SeeInvis .   c - +4 great mace (flame)
rCold    . . .     Gourm    .   (shield currently unavailable)
rNeg     + . .     Faith    .   a - +4 chain mail {rPois}
rPois    +         Spirit   +   U - +2 hood of the Assassin {Detection Stab+ Stlth++}
rElec    +         Reflect  .   r - +2 cloak {MR+}
rCorr    .         Harm     .   (no gloves)
MR       ++...                  n - +2 pair of boots
Stlth    ..........             T - amulet of guardian spirit
HPRegen  0.28/turn              M - ring of positive energy
MPRegen  0.19/turn              u - ring of protection from fire

@: protected from electricity, berserk cooldown, slowed, studying Ice Magic,
repel missiles, very slow
A: claws 2, molten scales 1, foul stench 1, powered by pain 3, rot immunity
a: Upheaval, Elemental Force, Disaster Area, Renounce Religion


You were on level 3 of the Abyss.
You worshipped Qazlal.
Qazlal was extremely pleased with you.
You were not hungry.

You visited 4 branches of the dungeon, and saw 23 of its levels.
You visited the Abyss 1 time.
You also visited: Ice Cave and Volcano.

You collected 2215 gold pieces.
You spent 150 gold pieces at shops.

Inventory:

Hand Weapons
 c - a +4 great mace of flaming (weapon)
Missiles
 d - 3 throwing nets (quivered)
Armour
 a - a +4 chain mail of poison resistance (worn)
 n - a +2 pair of boots (worn)
 r - a +2 cloak of magic resistance (worn)
 v - a +2 cloak of fire resistance
 F - a +0 plate armour of cold resistance
 U - the +2 hood of the Assassin (worn) {Detection Stab+ Stlth++}
   (You found it in an ice cave)

   It makes you much more stealthy.
Jewellery
 g - an uncursed ring of resist corrosion
 i - an uncursed ring of positive energy
 l - an uncursed amulet of the acrobat
 q - a +6 ring of strength
 s - a +4 ring of protection
 u - a ring of protection from fire (right claw)
 y - an uncursed ring of fire
 M - a ring of positive energy (left claw)
 R - an uncursed amulet of reflection
 T - an amulet of guardian spirit (around neck)
 Z - an uncursed ring of ice
Wands
 x - a wand of flame (19)
 C - a wand of disintegration (19)
 L - a wand of acid (40)
 P - a wand of iceblast (30)
 S - a wand of paralysis (19)
 W - a wand of enslavement (5)
 Y - a wand of clouds (8)
Scrolls
 b - 4 scrolls of immolation
 e - 3 scrolls of fog
 h - 8 scrolls of remove curse
 j - 7 scrolls of teleportation
 t - 2 scrolls of vulnerability
 A - 3 scrolls of summoning
 E - a scroll of identify
 H - 4 scrolls of fear
 N - 6 scrolls of enchant armour
Potions
 m - a potion of magic
 o - 3 potions of mutation
 w - 2 potions of brilliance
 z - 2 potions of degeneration {unknown}
 D - 2 potions of flight {unknown}
 G - 2 potions of might
 I - 2 potions of curing
 J - a potion of cancellation
 K - 3 potions of resistance
 O - 3 potions of haste {unknown}
 V - a potion of stabbing
Books
 p - a manual of Ice Magic
Miscellaneous
 Q - a phial of floods
Comestibles
 f - 36 rations


   Skills:
 - Level 8.0 Fighting
 * Level 18.3 Maces & Flails
   Level 2.6 Polearms
 - Level 1.7 Throwing
 - Level 11.8 Armour
 - Level 9.2 Dodging
 - Level 13.3 Invocations


You had 14 spell levels left.
You didn't know any spells.
Your spell library contained the following spells:

 Spells                   Type           Power        Failure   Level  Hunger
 Animate Skeleton         Necr           N/A          94%         1    ##.....
 Apportation              Tloc           #.....       94%         1    ##.....
 Corona                   Hex            #......      94%         1    ##.....
 Magic Dart               Conj           #...         94%         1    ##.....
 Shock                    Conj/Air       #...         94%         1    ##.....
 Summon Small Mammal      Summ           #...         94%         1    ##.....
 Searing Ray              Conj           #.....       98%         2    ###....
 Swiftness                Chrm/Air       #.......     98%         2    ###....
 Dazzling Flash           Conj/Hex       #.....       100%        3    ####...
 Ignite Poison            Fire/Tmut/Pois #.......     100%        3    ####...
 Static Discharge         Conj/Air       #.......     100%        3    ####...
 Airstrike                Air            #.........   100%        4    #####..
 Fulminant Prism          Conj/Hex       #.........   100%        4    #####..
 Iskenderun's Mystic Bla  Conj/Tloc      #.......     100%        4    #####..
 Fireball                 Conj/Fire      #.........   100%        5    ######.
 Lightning Bolt           Conj/Air       #.........   100%        5    ######.
 Starburst                Conj/Fire      #.........   100%        6    #######
 Ring of Flames           Chrm/Fire      #.........   100%        7    #######
 Ignition                 Fire           #.........   100%        8    #######


Dungeon Overview and Level Annotations

Branches:
Dungeon (14/15)            Temple (1/1) D:4            Lair (6/6) D:8
  Swamp (0/4) Lair:4       Spider (0/4) Lair:3        Slime (0/5) Lair:5
    Orc (2/2) D:12            Elf (0/3) Orc:2        Vaults (0/5) D:13
  IceCv (visited)         Volcano (visited)

Altars:
Ashenzari
Cheibriados
Dithmenos
Elyvilon
Gozag
Hepliaklqana
Nemelex Xobeh
Qazlal
Trog
Uskayaw
Vehumet
Wu Jian
Xom
Zin
Beogh

Shops:
D:7 ?   D:10 %   Orc:2 }=(}

Portals:
Trove: D:10 (give 6 scrolls of fear)

Annotations:
D:7 3 runed translucent doors, tensugalgo's ghost, novice MfGl
D:13 Louise
Lair:2 Snorg


Innate Abilities, Weirdness & Mutations

You have very sharp fingernails.
You are partially covered in molten scales. (AC +2)
You may emit foul miasma when damaged in melee.
You are powered by pain.
You are immune to rotting.


Message History

You closely miss the raiju.
You hear a bark! x2
The raiju is engulfed in dark miasma.
The raiju is poisoned.
The raiju bites you.
* * * LOW HITPOINT WARNING * * *
The raiju shocks you. You resist.
* * * LOW HITPOINT WARNING * * *
You completely miss the raiju.
The raiju is moderately wounded.
The raiju is engulfed in dark miasma.
The raiju looks even sicker.
The raiju bites you.
* * * LOW HITPOINT WARNING * * *
The raiju shocks you. You resist.
* * * LOW HITPOINT WARNING * * *
You closely miss the raiju.
The raiju is moderately wounded.
The raiju is engulfed in dark miasma.
The raiju looks even sicker.
The raiju bursts into living lightning!
The living lightning hits you. You resist.
You die...

...#. # . .### #
#. . # # # # # ..
.# ##.# # ..#
##...# # ## ..###
##.##.# # ....#
#.... # #
##.##.###.#...#.#
# ##..
.##@##..#.# # .
#.# #.#h.###. ..
.###.#...# . .
....#.## #
...###..## ## #
.# ### #.# {{ . #


You could see a raiju (very poisoned, sick).

Vanquished Creatures
  Jorgrun (D:13)
  Kirke (D:13)
  An ironheart preserver (D:13)
  A vampire knight (D:13)
  A lorocyproca (Abyss:3)
  An ogre mage (Volcano)
  6 hydras
  A catoblepas (Lair:6)
  A centaur warrior (D:13)
  12 two-headed ogres
  7 death yaks
  A tengu warrior (D:13)
  A deep troll shaman (Lair:6)
  3 orc high priests (Orc:2)
  A hell knight (Volcano)
  3 lindwurms
  2 unseen horrors (D:13)
  5 orc knights
  A deep elf mage (D:10)
  A necromancer (IceCv)
  An ugly thing (D:13)
  6 orc sorcerers
  2 cyclopes (D:13)
  A manticore (D:12)
  4 black mambas
  15 elephants
  An ice statue (IceCv)
  A gargoyle (D:13)
  A torpor snail (Lair:6)
  7 spiny frogs
  5 rime drakes
  An efreet (D:13)
  5 komodo dragons
  10 freezing wraiths (IceCv)
  4 jumping spiders (Lair:3)
  A queen bee (Lair:5)
  7 trolls
  3 meliai (Lair:5)
  5 polar bears
  A hornet (D:10)
  A tyrant leech (D:13)
  4 blink frogs
  A meliai zombie (D:13)
  11 hippogriffs
  14 dream sheep
  6 slime creatures (D:10)
  A redback (Lair:3)
  A spriggan (D:9)
  2 vampires
  A shadow (D:11)
  2 wraiths
  5 wyverns
  7 fire bats (Volcano)
  5 basilisks
  38 yaks
  A vampire mosquito (D:13)
  A death yak simulacrum (IceCv)
  2 steam dragons
  2 wargs (Orc:2)
  Edmund (D:6)
  3 acid dragons
  3 water moccasins
  9 porcupines
  A hornet zombie (D:10)
  2 sky beasts
  6 black bears
  11 ice beasts
  19 orc warriors
  2 phantoms
  12 ogres
  4 boggarts (Lair:5)
  47 wolves
  7 centaurs
  14 crocodiles
  3 big kobolds
  A small abomination (Abyss:3)
  19 bullfrogs
  Blork the orc (D:6)
  A water moccasin zombie (D:8)
  6 scorpions
  33 killer bees
  9 wights (D:13)
  2 howler monkeys
  3 electric eels
  7 lava snakes (Volcano)
  6 crimson imps
  2 centaur zombies
  5 draconian simulacra (IceCv)
  5 hounds
  2 jellies
  2 bullfrog zombies
  2 centaur skeletons
  7 bullfrog skeletons
  17 orc priests
  Crazy Yiuf (D:4)
  24 orc wizards
  Natasha (thrice) (D:4)
  5 iguanas
  11 worker ants
  A hell rat (Lair:5)
  2 spriggan simulacra (IceCv)
  5 troll simulacra (IceCv)
  2 polar bear simulacra (IceCv)
  A killer bee zombie (D:8)
  A wolf simulacrum (IceCv)
  5 centaur simulacra (IceCv)
  A hound zombie (D:6)
  A hound skeleton (D:4)
  A howler monkey zombie (D:11)
  Robin (D:2)
  17 adders
  2 howler monkey skeletons
  2 naga simulacra (IceCv)
  An ogre simulacrum (IceCv)
  2 shadow imps
  24 white imps
  An ooze (D:1)
  An adder skeleton (D:8)
  2 adder zombies
  6 worms
  A dart slug (D:2)
  5 leopard geckos
  70 orcs
  5 giant cockroaches
  8 goblins
  11 hobgoblins
  7 jackals
  15 kobolds
  3 quokkas
  A ball python (D:7)
  12 bats
  3 frilled lizards
  A leopard gecko zombie (D:7)
  3 quokka zombies
  8 rats
  4 butterflies
  A plant (Lair:6)
792 creatures vanquished.

Vanquished Creatures (collateral kills)
  An elephant (Lair:5)
  A yak (Lair:5)
  A water moccasin (Lair:5)
  2 killer bees (Lair:5)
5 creatures vanquished.

Vanquished Creatures (others)
  3 humans (D:13)
  A quokka (D:7)
  A bush (Lair:4)
  12 fungi
  8 plants
25 creatures vanquished.

Grand Total: 822 creatures vanquished

Notes
Turn   | Place    | Note
-------+----------+-------------------------------------------
     0 | D:1      | DearestLeader the Demonspawn Gladiator began the quest for
                  | the Orb.
     0 | D:1      | Reached XP level 1. HP: 16/16 MP: 1/1
   154 | D:1      | Gained mutation: You have sharp fingernails. [demonic
                  | ancestry]
   154 | D:1      | Reached XP level 2. HP: 18/22 MP: 2/2
   314 | D:1      | Reached skill level 1 in Armour
   873 | D:1      | Gained mutation: You sometimes gain a little power by
                  | taking damage. [demonic ancestry]
   873 | D:1      | Reached XP level 3. HP: 28/28 MP: 3/3
  1645 | D:2      | Noticed Robin
  1652 | D:2      | Killed Robin
  1652 | D:2      | Reached XP level 4. HP: 30/34 MP: 4/4
  2494 | D:3      | Found a faded altar of an unknown god.
  2527 | D:3      | Found a hide-covered altar of Uskayaw.
  2644 | D:3      | Found a shattered altar of Ashenzari.
  2663 | D:3      | Gained mutation: You are immune to rotting. [demonic
                  | ancestry]
  2663 | D:3      | Reached XP level 5. HP: 40/41 MP: 5/5
  3276 | D:4      | Reached XP level 6. HP: 20/47 MP: 6/6
  3756 | D:4      | Found a staircase to the Ecumenical Temple.
  3768 | Temple   | Entered the Ecumenical Temple
  3776 | Temple   | Became a worshipper of Qazlal Stormbringer
  3944 | D:4      | Noticed Natasha
  3959 | D:4      | Killed Natasha
  3967 | D:4      | Noticed Natasha
  3977 | D:4      | Killed Natasha
  4069 | D:4      | Reached XP level 7. HP: 22/54 MP: 7/7
  4265 | D:5      | Entered Level 5 of the Dungeon
  4860 | D:5      | Reached skill level 5 in Armour
  4999 | D:5      | Found a hazy altar of Hepliaklqana.
  5260 | D:6      | Noticed Edmund
  5464 | D:6      | Found a hazy altar of Hepliaklqana.
  5688 | D:6      | Gained mutation: You sometimes gain power by taking damage.
                  | [demonic ancestry]
  5688 | D:6      | Reached XP level 8. HP: 51/61 MP: 8/8
  5818 | D:6      | Found the +3 sling "Punk" {acid, rCorr}
  5899 | D:6      | Noticed Blork the orc
  5920 | D:6      | Reached skill level 5 in Fighting
  5920 | D:6      | Reached skill level 5 in Dodging
  5947 | D:6      | Killed Blork the orc
  5983 | D:6      | Reached * piety under Qazlal
  6510 | D:6      | Killed Edmund
  6789 | D:6      | Reached skill level 1 in Maces & Flails
  6795 | D:6      | Reached skill level 2 in Maces & Flails
  7074 | D:6      | Noticed a troll
  7086 | D:6      | Killed a troll
  7086 | D:6      | Reached skill level 4 in Maces & Flails
  7374 | D:7      | Found a runed translucent gate.
  7375 | D:7      | Found a runed translucent gate.
  7382 | D:7      | Noticed a troll
  7397 | D:6      | Killed a troll
  7397 | D:6      | Reached XP level 9. HP: 51/68 MP: 9/9
  7413 | D:6      | Reached skill level 5 in Maces & Flails
  7767 | D:7      | Found a runed translucent gate.
  7778 | D:7      | Reached ** piety under Qazlal
  7826 | D:7      | Noticed tensugalgo's ghost (novice MfGl)
  7863 | D:7      | Reached skill level 6 in Maces & Flails
  7918 | D:7      | Found an opulent altar of Gozag.
  7966 | D:7      | Found Xeanlec's Magic Scroll Emporium.
  7975 | D:7      | Bought a scroll of teleportation for 36 gold pieces
  7975 | D:7      | Bought a scroll of teleportation for 36 gold pieces
  7975 | D:7      | Bought a scroll of teleportation for 36 gold pieces
  7975 | D:7      | Bought a scroll of fear for 42 gold pieces
  8071 | D:7      | Found a white marble altar of Elyvilon.
  8348 | D:8      | Noticed a two-headed ogre
  8363 | D:8      | Killed a two-headed ogre
  8363 | D:8      | Reached skill level 8 in Maces & Flails
  8754 | D:4      | Noticed Natasha
  8758 | D:4      | Killed Natasha
  8951 | D:4      | Found a runed translucent door.
  8952 | D:4      | Noticed Crazy Yiuf
  8961 | D:4      | Killed Crazy Yiuf
  9209 | D:8      | Gained mutation: You have very sharp fingernails. [demonic
                  | ancestry]
  9209 | D:8      | Reached XP level 10. HP: 55/75 MP: 10/10
  9238 | D:8      | Reached skill level 9 in Maces & Flails
  9604 | D:8      | Reached *** piety under Qazlal
  9641 | D:8      | Reached skill level 10 in Maces & Flails
  9936 | D:8      | Found an opulent altar of Gozag.
  9991 | D:8      | Found a staircase to the Lair.
 10442 | D:9      | Reached skill level 11 in Maces & Flails
 11299 | D:10     | Entered Level 10 of the Dungeon
 11321 | D:10     | Found a portal to a secret trove of treasure.
 11373 | D:10     | Reached **** piety under Qazlal
 11382 | D:10     | Noticed a two-headed ogre
 11399 | D:10     | Killed a two-headed ogre
 11404 | D:10     | Gained mutation: You are powered by pain. [demonic
                  | ancestry]
 11404 | D:10     | Reached XP level 11. HP: 45/80 MP: 11/11
 11617 | D:10     | Found Colotu's Food Emporium.
 11628 | D:10     | Noticed a deep elf mage
 11635 | D:10     | Killed a deep elf mage
 11635 | D:10     | Reached skill level 1 in Invocations
 12300 | D:10     | Reached skill level 12 in Maces & Flails
 12356 | D:10     | Identified the +6 dagger "Gram" {freeze, +Blink Int+4}
 12739 | D:11     | Found a frozen archway.
 12777 | IceCv    | Entered an ice cave
 12827 | IceCv    | Reached skill level 5 in Invocations
 12842 | IceCv    | Reached ***** piety under Qazlal
 14338 | IceCv    | Reached skill level 10 in Armour
 14510 | IceCv    | Found an ancient bone altar of Kikubaaqudgha.
 14585 | IceCv    | Noticed a necromancer
 14601 | IceCv    | Killed a necromancer
 14708 | IceCv    | HP: 4/80 [troll simulacrum (5)]
 14708 | IceCv    | HP: 1/80 [troll simulacrum (3)]
 15213 | IceCv    | Found the +2 hood of the Assassin {Detection Stab+ Stlth++}
 15505 | D:11     | Reached XP level 12. HP: 86/86 MP: 18/18
 16246 | Lair:1   | Entered Level 1 of the Lair of Beasts
 16275 | Lair:1   | Reached skill level 13 in Maces & Flails
 17503 | Lair:2   | Noticed an eight-headed hydra
 17507 | Lair:2   | Killed an eight-headed hydra
 17661 | Lair:2   | Reached skill level 10 in Invocations
 18726 | Lair:3   | Noticed a seven-headed hydra
 18735 | Lair:3   | Noticed Snorg
 18744 | Lair:2   | Killed a seven-headed hydra
 19996 | Lair:3   | Found a hole to the Spider Nest.
 20295 | Lair:4   | Noticed a six-headed hydra
 20298 | Lair:4   | Killed a six-headed hydra
 20298 | Lair:4   | Gained mutation: You are partially covered in molten
                  | scales. (AC +2) [demonic ancestry]
 20298 | Lair:4   | Reached XP level 13. HP: 52/92 MP: 6/21
 20313 | Lair:4   | Reached skill level 14 in Maces & Flails
 21205 | Lair:4   | Found a staircase to the Swamp.
 21703 | Lair:5   | Found a staircase to the Slime Pits.
 21772 | Lair:5   | HP: 2/95 [meliai/divine providence (13)]
 21783 | Lair:5   | HP: 2/95 [komodo dragon (9)]
 21801 | Lair:5   | Found a dark tunnel.
 21808 | Volcano  | Entered a volcano
 22678 | Volcano  | Found a bloodstained altar of Trog.
 23175 | Lair:5   | Gained mutation: You may emit foul miasma when damaged in
                  | melee. [demonic ancestry]
 23175 | Lair:5   | Reached XP level 14. HP: 23/103 MP: 8/23
 24374 | Lair:6   | Entered Level 6 of the Lair of Beasts
 24933 | Lair:6   | Reached skill level 15 in Maces & Flails
 25659 | Lair:6   | Reached skill level 16 in Maces & Flails
 25790 | Lair:6   | Identified the +4 chain mail of the Bouncing Artisans
                  | {*Slow rN++ MR+ MP+9} (You found it on level 6 of the Lair
                  | of Beasts)
 26605 | D:12     | Found a staircase to the Orcish Mines.
 26886 | Orc:1    | Entered Level 1 of the Orcish Mines
 27488 | Orc:2    | Entered Level 2 of the Orcish Mines
 28151 | Orc:2    | Found a roughly hewn altar of Beogh.
 28446 | Orc:2    | Reached XP level 15. HP: 86/110 MP: 21/24
 28475 | Orc:2    | Reached skill level 17 in Maces & Flails
 28753 | Orc:2    | Found a staircase to the Elven Halls.
 28791 | Orc:2    | Found Ysuleatz's Gadget Shoppe.
 28795 | Orc:2    | Found Uweot's Antique Weapon Shop.
 28801 | Orc:2    | Found Taniduhi's Jewellery Shop.
 28803 | Orc:2    | Found Morrok's Gadget Shoppe.
 29271 | D:13     | Noticed Kirke
 29279 | D:13     | Killed Kirke
 29555 | D:13     | Noticed Jorgrun
 29573 | D:13     | Killed Jorgrun
 29686 | D:13     | Found a gate to the Vaults.
 30246 | D:14     | Noticed Louise
 30256 | D:13     | Reached skill level 18 in Maces & Flails
 30710 | D:13     | Cast into level 2 of the Abyss (Louise)
 30800 | Abyss:3  | HP: 1/110 [raiju/living lightning (9)]
 30804 | Abyss:3  | Killed from afar by a raiju

Illustrated notes

Levels and vault maps discovered:
D:1:      roderic_crossed_star, layout_basic, nrook_campfire
D:2:      layout_basic, uniq_robin
D:3:      layout_basic, eat_drink_and_be_merry_uskayaw, evilmike_ruin_ashenzari,
          chequers_ecumenical_altar_island, minmay_curled_crystal
D:4:      layout_rooms, minmay_temple_entry_stoned_glass, first_ration,
          uniq_crazy_yiuf_cottage, uniq_natasha
D:5:      layout_cave_pools, overflow_temple_1_default,
          small_statue_intersection, minmay_misc_feat_roman
D:6:      layout_basic, basic_altar, minmay_manual_mail, uniq_blork_the_orc,
          uniq_edmund
D:7:      layout_cave_pools, elyvilon_altar_4, ebering_ghost_gozag,
          serial_shops, shop
D:8:      layout_cave_pools, minmay_lair_entry_grove,
          nicolae_gozag_cash_rules_everything_around_me
D:9:      layout_irregular_city, the_bakery, due_unseen_surprise
D:10:     layout_roguey, enter_trove_3, serial_shops, shop
D:11:     layout_roguey, portal_ice_cave_entry_imps
D:12:     layout_cave_pools, orc_0_dummy
D:13:     layout_loops_ring, skrybe_vaults_entry_preservation, uniq_jorgrun,
          uniq_kirke
D:14:     layout_cave_pools, small_statue_intersection,
          minmay_guarded_unrand_vampires_tooth, uniq_louise
Temple:   eino_narrow_crystal_temple
Lair:1:   layout_regular_city, guppyfry_lair_drakes, serial_bayou_shore_b,
          lemuel_fruit_tree, serial_bayou_shore_b, grunt_megastairs_5
Lair:2:   layout_regular_city, serial_bayou_shore_a
Lair:3:   layout_roguey, spider_nest_entry_funnel_web,
          infiniplex_staircase_pool, grunt_megastairs_1, lemuel_fruit_fields,
          uniq_snorg
Lair:4:   layout_loops_ring, swamp_mist, gauntlet_entry_generic,
          columned_hall_lemuel, lemuel_fruit_fields
Lair:5:   regret_index_wax_grids, layout_cave_shapes, slime_dummy,
          enter_volcano_2, kilobyte_rumbling_trees
Lair:6:   grunt_lair_end_beastmaster, layout_regular_city, minivault_26,
          lookout_lair_type
Orc:1:    layout_caves
Orc:2:    st_orc_elflike, layout_diamond_mine, basic_altar
Abyss:3:  base:
Lair:3

Skill      XL: |  1  2  3  4  5  6  7  8  9 10 11 12 13 14 15 |
---------------+----------------------------------------------+-----
Armour         | 1 2 3 4 5 7 8 9 10 11 | 11.8
Dodging        | 3 4 6 7 8 9 |  9.2
Fighting       | 3 4 5 7 8 |  8.0
Maces & Flails | 4 8 11 12 13 14 16 18 | 18.3
Invocations    | 8 11 13 | 13.3
Polearms       | |  2.6
Throwing       | |  1.7

Action                   |  1- 3 |  4- 6 |  7- 9 | 10-12 | 13-15 || total
-------------------------+-------+-------+-------+-------+-------++-------
Melee: Trident           |   130 |   231 |       |       |       ||   361
       Short sword       |       |   131 |   458 |       |       ||   589
       Flail             |       |       |   197 |  1143 |   238 ||  1578
       Great mace        |       |       |       |       |   826 ||   826
Invok: Upheaval          |       |       |       |    15 |    21 ||    36
       Elemental Force   |       |       |       |       |     1 ||     1
Evoke: Wand              |       |       |    12 |     9 |       ||    21
       Phial of floods   |       |       |       |       |     1 ||     1
  Use: Potion            |     1 |     1 |     3 |     2 |     7 ||    14
       Scroll            |       |     4 |     4 |    13 |    14 ||    35
 Stab: Petrifying        |       |       |       |       |     2 ||     2
  Eat: Chunk             |     2 |     8 |    11 |    21 |    25 ||    67
       Ration            |       |       |     2 |     4 |     4 ||    10
Armor: Scale mail        |    67 |    22 |       |       |       ||    89
       Chain mail        |       |   134 |   292 |   405 |   676 ||  1507
       Plate armour      |       |       |     9 |   187 |       ||   196
Dodge: Dodged            |    71 |   182 |   309 |   562 |   811 ||  1935
       Repelled          |       |       |       |    17 |    15 ||    32
Block: Other             |       |       |    21 |   439 |   369 ||   829
       Reflection        |       |       |       |    12 |       ||    12
